 Dungeon Crawl Stone Soup version 0.28.0-47-ge53b351184 (webtiles) character file.

Game seed: 775847628860064867

77 pkoi the Insei (level 3, 0/29 HPs)
             Began as a Demigod Gladiator on May 6, 2022.
             Slain by a goblin
             ... wielding a +0 club
             ... led by Robin
              (2 damage)
             ... on level 3 of the Dungeon.
             The game lasted 00:05:00 (2855 turns).

pkoi the Insei (Demigod Gladiator)                  Turns: 2855, Time: 00:05:01

Health: 0/29       AC:  7    Str: 15    XL:     3   Next: 91%
Magic:  5/5        EV: 10    Int: 14    God:
Gold:   52         SH:  0    Dex: 15    Spells: 2/2 levels left

rFire   . . .      SeeInvis .   g - +0 short sword
rCold   . . .      Faith    .   (no shield)
rNeg    . . .      Spirit   .   h - +0 scale mail
rPois   .          Reflect  .   b - +0 helmet
rElec   .          Harm     .   (no cloak)
rCorr   .          Rampage  .   (no gloves)
Will    .....                   (no boots)
Stlth   ..........              (no amulet)
HPRegen 0.09/turn               (no ring)
MPRegen 0.09/turn               (no ring)

@: mighty, attractive
A: high MP 1, forlorn, divine attributes
a: no special abilities


You were on level 3 of the Dungeon.
You visited 1 branch of the dungeon, and saw 3 of its levels.

You collected 52 gold pieces.

Inventory:

Hand Weapons
 e - a +0 mace
 g - a +0 short sword (weapon)
Missiles
 c - 3 throwing nets
 i - 7 javelins
 k - 60 stones (quivered)
Armour
 a - a +0 leather armour
 b - a +0 helmet (worn)
 h - a +0 scale mail (worn)
Scrolls
 d - 2 scrolls of fog
Potions
 l - a potion of curing {unknown}


   Skills:
 - Level 1.7 Fighting
 - Level 1.7 Throwing
 - Level 2.6 Dodging
 + Level 4.5 Unarmed Combat


You had 2 spell levels left.
You didn't know any spells.
Your spell library contained the following spells:

 Spells                   Type           Power      Damage    Failure   Level
 Beastly Appendage        Tmut           0%         N/A       77%         1
 Portal Projectile        Hex/Tloc       0%         N/A       98%         3
 Summon Mana Viper        Hex/Summ       0%         N/A       100%        5
 Necromutation            Tmut/Necr      0%         N/A       100%        8


Dungeon Overview and Level Annotations

Branches:
Dungeon (3/15)

Shops:
D:3 [

Annotations:
D:3 Sigmund


Innate Abilities, Weirdness & Mutations

You have an increased reservoir of magic. (+10% MP)
You shall have no god before yourself.
Your divine heritage dramatically boosts your attributes as you level up.


Message History

Robin is heavily wounded.
Robin closely misses you. The goblin hits you but does no damage.
The goblin barely misses you. Robin misses you.
Unknown command.
You puncture Robin!
You kill Robin!
The goblin misses you. The goblin hits you but does no damage.
Unknown command.
The goblin hits you with a +0 club.
* * * LOW HITPOINT WARNING * * *
Items here: ) [[ †.
Unknown command.
You puncture the goblin!
You kill the goblin!
The goblin closely misses you.
Unknown command.
Okay, then.
Unknown command.
You closely miss the goblin. The goblin misses you.
You barely miss the goblin.
The goblin no longer looks unusually strong.
You puncture the goblin!
You kill the goblin!
The goblin barely misses you. The goblin is attracted toward you.
You closely miss the goblin.
The goblin no longer looks unusually strong.
The goblin hits you but does no damage. The goblin barely misses you.
You closely miss the goblin. The goblin hits you but does no damage.
The goblin hits you with a +0 dagger.
* * * LOW HITPOINT WARNING * * *
The goblin hits you with a +0 club.
* * * LOW HITPOINT WARNING * * *
Unknown command.
You hit the goblin.
The goblin is severely wounded.
The goblin no longer looks unusually strong.
The goblin hits you with a +0 dagger.
* * * LOW HITPOINT WARNING * * *
The goblin hits you with a +0 club.
You die...

##
#P#.#PPP###
..
#P#.#.###..
.#
#P#.#P#...#
..
#.#.#.#####
.###
#.#.#...#
..#
#.#.#.###
#g# #P#.#.#
#g#####.###
#@g)....#
#########


You could see 3 goblins.

Vanquished Creatures
  Robin (D:3)
  2 adders
  A dart slug (D:2)
  An orc (D:2)
  3 bats
  2 endoplasms
  3 giant cockroaches
  10 goblins
  7 hobgoblins
  A quokka (D:2)
  A ball python (D:2)
  2 frilled lizards (D:1)
  4 kobolds
  2 rats (D:2)
40 creatures vanquished.

Notes
Turn   | Place    | Note
-------+----------+-------------------------------------------
     0 | D:1      | pkoi the Demigod Gladiator began the quest for the Orb.
     0 | D:1      | Reached XP level 1. HP: 17/17 MP: 3/3
   423 | D:1      | Reached skill level 3 in Unarmed Combat
   645 | D:1      | Reached XP level 2. HP: 21/24 MP: 4/4
  1434 | D:2      | Reached XP level 3. HP: 22/29 MP: 5/5
  1602 | D:2      | Reached skill level 4 in Unarmed Combat
  2048 | D:3      | Got the Papyrus of Ensnaring Moulding
  2126 | D:3      | Found Caxaeh's Antique Armour Shoppe.
  2411 | D:3      | Noticed Sigmund
  2809 | D:3      | Noticed Robin
  2847 | D:3      | Killed Robin
  2855 | D:3      | Slain by a goblin

Illustrated notes

Levels and vault maps discovered:
D:1:      dpeg_chamrin_arrival_tetris, layout_rooms,
          shapermc_ecumenical_altar_hornbeckon
D:2:      layout_rooms, kennysheep_cluttered_room
D:3:      layout_loops_ring, serial_shops,
          nicolae_shop_competitors_out_of_business, serial_aquarium,
          aquarium_bridge_square [aquarium_subvault_window,
          aquarium_subvault_bridge, aquarium_subvault_bridge,
          aquarium_subvault_wall], aquarium_bridge_straight
          [aquarium_subvault_bridge, aquarium_subvault_wall,
          aquarium_subvault_bridge, aquarium_subvault_balcony],
          aquarium_window_corner, aquarium_window_corner, aquarium_window_fake,
          aquarium_view_2e, aquarium_view_2d, aquarium_pool_five, uniq_sigmund,
          uniq_robin

Skill      XL: |  1  2  3 |
---------------+----------+-----
Unarmed Combat | 3 4 |  4.5
Fighting       | |  1.7
Throwing       | |  1.7
Dodging        | |  2.6

Action                   || total
-------------------------++-------
Melee: Unarmed           ||    21
       Short sword       ||   146
       Mace              ||     5
       Punch             ||     4
Throw: Stone             ||    27
  Use: Scroll            ||     2
       Potion            ||     2
Armor: Leather armour    ||     7
       Scale mail        ||    69
Dodge: Dodged            ||    97
